 Dungeon Crawl Stone Soup version 0.24.0-13-gcf9b319 (webtiles) character file.

Game seed: 4279721712800834311, levelgen mode: deterministic

1584 AlyssaTheNerd the Spear-Bearer (level 8, -1/64 HPs)
             Began as a Merfolk Berserker on Dec 17, 2019.
             Was an Elder of Trog.
             Succumbed to a killer bee's poison
             ... on level 7 of the Dungeon.
             The game lasted 00:20:40 (5791 turns).

AlyssaTheNerd the Spear-Bearer (Merfolk Berserker)  Turns: 5791, Time: 00:20:41

Health: -1/64      AC: 11    Str: 19    XL:     8   Next: 92%
Magic:  4/8        EV:  9    Int:  7    God:    Trog [****..]
Gold:   309        SH:  0    Dex: 13    Spells: 7/7 levels left

rFire    x . .     SeeInvis .   k - +2 scythe
rCold    + . .     Gourm    .   (shield currently unavailable)
rNeg     . . .     Faith    .   p - +0 plate armour
rPois    .         Spirit   +   (no helmet)
rElec    .         Reflect  .   (no cloak)
rCorr    .         Harm     .   (no gloves)
MR       +....                  (no boots)
Stlth    ..........             d - amulet of guardian spirit
HPRegen  0.20/turn              n - ring of ice
MPRegen  0.11/turn              o - ring of protection from magic

@: lethally poisoned (-1 -> -29), berserk cooldown, slowed, very slow
A: change form in water, swift swim, stealthy swim
a: Berserk, Trog's Hand, Brothers in Arms, Renounce Religion


You were on level 7 of the Dungeon.
You worshipped Trog.
Trog was greatly pleased with you.
You were very hungry.

You visited 1 branch of the dungeon, and saw 7 of its levels.

You collected 309 gold pieces.

Inventory:

Hand Weapons
 a - a +0 spear
 k - a +2 scythe (weapon)
Armour
 b - a +0 animal skin
 f - a +0 chain mail
 l - a cursed +0 chain mail
 p - a +0 plate armour (worn)
Jewellery
 d - an amulet of guardian spirit (around neck)
 n - a ring of ice (left hand)
 o - a ring of protection from magic (right hand)
 t - an uncursed ring of fire {unknown}
Wands
 i - a wand of polymorph (5)
 q - a wand of flame (15)
Scrolls
 h - 3 scrolls of teleportation
 w - a scroll of remove curse
 y - a scroll of magic mapping
Potions
 c - a potion of magic {unknown}
 e - 3 potions of curing {unknown}
 g - a potion of brilliance {unknown}
 j - a potion of cancellation {unknown}
 s - a potion of agility {unknown}
 v - a potion of lignification {unknown}
 x - a potion of heal wounds
Comestibles
 m - 9 rations
 u - 4 chunks of flesh


   Skills:
 + Level 5.9 Fighting
 + Level 9.5 Polearms
 + Level 3.9 Armour
 * Level 7.9 Dodging
 + Level 2.8 Stealth


You had 7 spell levels left.
You didn't know any spells.
Your spell library was empty.

Dungeon Overview and Level Annotations

Branches:
Dungeon (7/15)
 Temple: D:4-7

Altars:
Kikubaaqudgha
Makhleb
Nemelex Xobeh
Vehumet

Shops:
D:4 %?[:[

Annotations:
D:6 3 runed translucent doors, Southernist's ghost, novice MiBe


Message History

The killer bee stings you but does no damage.
You slice the killer bee!!
You kill the killer bee!
Trog accepts your kill.
You are no longer berserk.
You are exhausted.
You feel yourself slow down.
* * * LOW HITPOINT WARNING * * *
You feel very sick.
The killer bee stings you but does no damage.
You slash the killer bee!
The killer bee is heavily wounded.
* * * LOW HITPOINT WARNING * * *
You feel extremely sick. The killer bee closely misses you. x2
The killer bee stings you but does no damage. x3
Unknown command.
You miss the killer bee.
The killer bee is heavily wounded.
You die...

. .. #.#<.....#
......# #รท#......#
...##. #........#
######.##.##.#......#
#..........#.#......#
#......##(..........#
#......##...........#
#....#.###.##.#######
#.....yy@..##.#
#....#.##.## ##
#....#.##.#
#....#....#
#.!..####.# #.... #.#
##### ###


You could see 2 killer bees.

Vanquished Creatures
  Grinder (D:5)
  Sigmund (D:2)
  A sky beast (D:6)
  A black bear (D:7)
  A centaur (D:6)
  A bullfrog (D:6)
  A scorpion (D:6)
  2 killer bees (D:7)
  A howler monkey (D:5)
  2 crimson imps
  4 hounds
  2 orc priests
  2 orc wizards
  An iguana (D:4)
  A hound zombie (D:6)
  7 gnolls (D:5)
  A howler monkey skeleton (D:5)
  16 adders
  A shadow imp (D:6)
  2 adder zombies
  An adder skeleton (D:4)
  6 worms
  9 dart slugs
  6 leopard geckos
  17 orcs
  5 ball pythons (D:2)
  5 giant cockroaches
  7 goblins
  5 hobgoblins
  6 jackals
  8 kobolds
  3 quokkas (D:5)
  10 bats
  5 frilled lizards
  A quokka skeleton (D:5)
  12 rats
155 creatures vanquished.

Vanquished Creatures (others)
  An adder (D:5)
1 creature vanquished.

Grand Total: 156 creatures vanquished

Notes
Turn   | Place    | Note
-------+----------+-------------------------------------------
     0 | D:1      | AlyssaTheNerd the Merfolk Berserker began the quest for the
                  | Orb.
     0 | D:1      | Reached XP level 1. HP: 18/18 MP: 1/1
   112 | D:1      | Reached XP level 2. HP: 20/24 MP: 2/2
   467 | D:1      | Reached XP level 3. HP: 29/29 MP: 3/3
   542 | D:1      | Reached ** piety under Trog
   775 | D:2      | Reached skill level 5 in Polearms
   928 | D:2      | Noticed Sigmund
   956 | D:2      | Killed Sigmund
   956 | D:2      | Reached XP level 4. HP: 23/38 MP: 4/4
   956 | D:2      | Reached XP level 5. HP: 26/43 MP: 5/5
  1217 | D:2      | Reached skill level 6 in Polearms
  1217 | D:2      | Reached XP level 6. HP: 42/49 MP: 6/6
  1879 | D:2      | Reached *** piety under Trog
  2423 | D:3      | Reached skill level 5 in Dodging
  3282 | D:4      | Found Leopp's Antique Armour Boutique.
  3284 | D:4      | Found Keaha's Magic Scroll Boutique.
  3288 | D:4      | Found Nituoro's Book Boutique.
  3298 | D:4      | Found Luutuomi's Antique Armour Boutique.
  3449 | D:4      | Reached **** piety under Trog
  3464 | D:4      | Found Jasir's Food Shoppe.
  3485 | D:4      | Reached skill level 7 in Polearms
  3485 | D:4      | Reached XP level 7. HP: 32/55 MP: 7/7
  3992 | D:4      | Found an ancient bone altar of Kikubaaqudgha.
  4272 | D:5      | Entered Level 5 of the Dungeon
  4321 | D:5      | Reached skill level 5 in Fighting
  4768 | D:5      | Reached skill level 8 in Polearms
  4860 | D:5      | Noticed Grinder
  4867 | D:5      | Killed Grinder
  4867 | D:5      | Reached XP level 8. HP: 62/62 MP: 8/8
  4895 | D:5      | Reached skill level 1 in Stealth
  4899 | D:5      | Received a gift from Trog
  5095 | D:6      | Found a burning altar of Makhleb.
  5096 | D:6      | Found a radiant altar of Vehumet.
  5116 | D:6      | Reached skill level 9 in Polearms
  5219 | D:6      | Found a sparkling altar of Nemelex Xobeh.
  5236 | D:6      | Found a runed translucent gate.
  5236 | D:6      | Found a runed translucent gate.
  5236 | D:6      | Found a runed translucent gate.
  5237 | D:6      | Noticed Southernist's ghost (novice MiBe)
  5791 | D:7      | Succumbed to a killer bee's poison

Levels and vault maps discovered:
D:1:      minmay_arrival_open_corners, layout_basic, roderic_serpentine_path,
          minivault_14
D:2:      layout_loops_corners, chequers_serial_rivers_room_a,
          minmay_snake_closets, uniq_sigmund
D:3:      layout_basic
D:4:      layout_gridville, kiku_gazebo_garden_becter, serial_shops,
          shop_statue, portal_sewer_entry_f, minmay_shop_grid_forest
D:5:      kennysheep_slugbush, layout_gridville, first_ration,
          lemuel_flamethrower_2, uniq_grinder
D:6:      layout_basic, grunt_temple_overflow_lords_of_destruction,
          gammafunk_ghost_necromancy, basic_altar
D:7:      layout_basic, xom_butterflies,
          nicolae_dithmenos_through_a_glass_darkly, minmay_temple_entry_mist

Skill      XL: |  1  2  3  4  5  6  7  8 |
---------------+-------------------------+-----
Dodging        | 3 4 5 6 7 |  7.9
Polearms       | 5 6 7 8 9 |  9.5
Fighting       | 4 5 |  5.9
Armour         | 2 3 |  3.9
Stealth        | 2 |  2.8

Action                   |  1- 3 |  4- 6 |  7- 9 || total
-------------------------+-------+-------+-------++-------
Melee: Spear             |   206 |    16 |       ||   222
       Scythe            |       |   217 |   237 ||   454
       Tailslap          |       |       |     2 ||     2
Invok: Berserk           |       |       |     1 ||     1
  Use: Scroll            |     4 |     3 |     6 ||    13
       Potion            |       |     1 |     2 ||     3
  Eat: Chunk             |       |     6 |     4 ||    10
       Ration            |       |     1 |     1 ||     2
Armor: Chain mail        |    83 |   125 |       ||   208
       Animal skin       |     1 |       |       ||     1
       Plate armour      |       |    40 |   199 ||   239
Dodge: Dodged            |    69 |   125 |   168 ||   362
